 Dungeon Crawl Stone Soup version 0.25-a0-2-g6559c6c67a (webtiles) character file.

Game seed: 6349212708912377544, levelgen mode: deterministic

149 Heliosone the Ruffian (level 5, -7/41 HPs)
             Began as a Demonspawn Gladiator on Oct 14, 2019.
             Killed from afar by an orc wizard (9 damage)
             ... with a puff of flame
             ... on level 3 of the Dungeon.
             The game lasted 00:04:41 (2075 turns).

Heliosone the Ruffian (Demonspawn Gladiator)        Turns: 2075, Time: 00:04:42

Health: -7/41      AC:  6    Str: 20    XL:     5   Next: 9%
Magic:  5/5        EV: 13    Int: 10    God:
Gold:   69         SH:  0    Dex: 14    Spells: 4/4 levels left

rFire    . . .     SeeInvis .     - Unarmed
rCold    . . .     Gourm    .   (no shield)
rNeg     . . .     Faith    .   a - +0 leather armour
rPois    .         Spirit   .   b - +0 helmet
rElec    .         Reflect  .   n - +1 cloak
rCorr    .         Harm     .   (no gloves)
MR       .....                  (no boots)
Stlth    +.........             (no amulet)
HPRegen  0.13/turn              (no ring)
MPRegen  0.09/turn              (no ring)

@: mighty
A: hooves 2, powered by pain 1
a: no special abilities


You were on level 3 of the Dungeon.
You were not hungry.

You visited 1 branch of the dungeon, and saw 3 of its levels.

You collected 69 gold pieces.

Inventory:

Missiles
 j - 17 poisoned darts (quivered)
Armour
 a - a +0 leather armour (worn)
 b - a +0 helmet (worn)
 l - a +0 ring mail
 n - a +1 cloak (worn)
 v - a cursed +0 shield
Scrolls
 e - 5 scrolls of remove curse {unknown}
 f - a scroll of teleportation {unknown}
 g - a scroll of enchant armour {unknown}
 k - a scroll of magic mapping {unknown}
 m - a scroll of fog {unknown}
 p - 3 scrolls of identify {unknown}
 u - a scroll of immolation {unknown}
Potions
 h - a potion of might
 i - 2 potions of flight {unknown}
 o - a potion of degeneration {unknown}
 q - 2 potions of haste {unknown}
 s - a potion of resistance {unknown}
 t - a potion of curing {unknown}
Comestibles
 d - 6 rations
 r - a chunk of flesh


   Skills:
 + Level 3.4 Fighting
 - Level 1.7 Throwing
 + Level 3.7 Dodging
 + Level 3.7 Unarmed Combat


You had 4 spell levels left.
You didn't know any spells.
Your spell library was empty.

Dungeon Overview and Level Annotations

Branches:
Dungeon (3/15)

Altars:


Innate Abilities, Weirdness & Mutations

You have hoof-like feet.
You sometimes gain a little power by taking damage.


Message History

The orc priest hits you with a +0 flail.
* * * LOW HITPOINT WARNING * * *
It was a potion of might.
You feel very mighty all of a sudden.
The orc wizard looks braver for a moment.
The orc priest barely misses you.
You hit the orc priest.
You kill the orc priest!
You have reached level 5!
The orc wizard casts a spell at you.
The puff of flame hits something!
Something hits you but does no damage.
Items here: ( )) [ †† You closely miss something.
Something hits you.
* * * LOW HITPOINT WARNING * * *
You miss something. Your kick misses something.
An orc wizard appears from thin air!
Reactivating autopickup.
The orc wizard gestures at you while chanting.
The puff of flame hits you!
You die...

#.# #.# #.# #.# #.# #
#J# # #.# #
##############.# #
#÷........)@oo(#
######.##############
.......# ######.# ###


You could see 2 orc wizards.

Vanquished Creatures
  An orc priest (D:3)
  Terence (D:1)
  3 adders (D:2)
  An ooze (D:3)
  3 worms
  2 dart slugs (D:1)
  A leopard gecko (D:3)
  An orc (D:3)
  4 giant cockroaches
  7 goblins
  5 hobgoblins
  2 jackals (D:1)
  8 bats
  2 frilled lizards (D:2)
  4 kobolds
  8 rats
53 creatures vanquished.

Notes
Turn   | Place    | Note
-------+----------+-------------------------------------------
     0 | D:1      | Heliosone the Demonspawn Gladiator began the quest for the
                  | Orb.
     0 | D:1      | Reached XP level 1. HP: 16/16 MP: 1/1
   457 | D:1      | Gained mutation: You sometimes gain a little power by
                  | taking damage. [demonic ancestry]
   457 | D:1      | Reached XP level 2. HP: 22/22 MP: 2/2
   929 | D:1      | Gained mutation: You have large cloven feet. [demonic
                  | ancestry]
   929 | D:1      | Reached XP level 3. HP: 28/28 MP: 3/3
  1359 | D:2      | Noticed Terence
  1401 | D:1      | Killed Terence
  1401 | D:1      | Gained mutation: You have hoof-like feet. [demonic
                  | ancestry]
  1401 | D:1      | Reached XP level 4. HP: 16/35 MP: 4/4
  2072 | D:3      | Reached XP level 5. HP: 5/41 MP: 5/5
  2074 | D:3      | HP: 2/41 [something (4)]
  2075 | D:3      | Killed from afar by an orc wizard

Levels and vault maps discovered:
D:1:      evilmike_arrival_run_for_it, layout_basic, palyth_stone_intersect,
          minmay_misc_feat_tower
D:2:      layout_basic, first_ration, corexii_item_surrounded_by_moat,
          uniq_terence
D:3:      layout_basic

Skill      XL: |  1  2  3 |
---------------+----------+-----
Dodging        | 3 |  3.7
Unarmed Combat | 3 |  3.7
Fighting       | 3 |  3.4
Throwing       | |  1.7

Action                   |  1- 3 |  4- 6 || total
-------------------------+-------+-------++-------
Melee: Unarmed           |   157 |    49 ||   206
       Punch             |     2 |     2 ||     4
       Kick              |    16 |    19 ||    35
Throw: Dart              |     5 |     1 ||     6
       Throwing net      |       |     3 ||     3
  Use: Potion            |       |     1 ||     1
  Eat: Chunk             |     2 |     2 ||     4
Armor: Leather armour    |    50 |    13 ||    63
Dodge: Dodged            |   150 |    28 ||   178

Table legend:
 A = Non-vault XP
 B = Vault XP
 C = Vault XP percentage of total XP
 D = Non-vault monster count
 E = Vault monster count
 F = Vault count percentage of total count
                 A         B        C        D         E       F
            +---------+---------+-------+---------+---------+-------
      Total |     172 |      41 |  19.2 |      51 |       2 |   3.8
            +---------+---------+-------+---------+---------+-------
        D:1 |      41 |      41 |  50.0 |      23 |       2 |   8.0
        D:2 |      71 |       0 |   0.0 |      20 |       0 |   0.0
        D:3 |      60 |       0 |   0.0 |       8 |       0 |   0.0
            +---------+---------+-------+---------+---------+-------
